[Event "Live Chess"]
[Site "Chess.com"]
[Date "2023.05.21"]
[Round "-"]
[White "Ian-Morley"]
[Black "MarkCheck"]
[Result "0-1"]
[WhiteElo "1078"]
[BlackElo "1750"]
[TimeControl "300"]
[EndTime "7:18:57 PDT"]
[Termination "MarkCheck won by resignation"]

1. e4 c5 2. Nf3 d6 3. Bb5+ Bd7 4.
Bxd7+ Nxd7 5. O-O Ngf6 6. Re1 Qc7 7. c3 c4 8. d4 cxd3 9. Qxd3 e6 10. Bg5 Be7 11. Bxf6 Nxf6 12. Nbd2 O-O 13. Qc4 Qxc4 14. Nxc4 Rac8 15. Ncd2 d5 16. e5 Nd7 17. Rac1 b5 18.
b3 Nc5 19. Re3 Rc7 20. b4 Na4 21. Nb1 Bxb4 22. a3 Be7 23. h3 Rfc8 24. Kh2 b4 25.
axb4 Bxb4 26. Nd4 Nxc3 27. Nxc3 Rxc3 28. Rcxc3 Rxc3 29. Rxc3 Bxc3 30. Nb5 Bxe5+ 31. g3 a5 32. Na3 a4 33. f4 Bb2 34. Nc2 a3 35. Kg2 a2 36.
Kf3 a1=Q 37. Nxa1 Bxa1 38. Ke3 Kf8 39. Kd3 Ke7 40. g4 Kd6 41. h4 e5 42. fxe5+ Kxe5 43. g5 Kf4 0-1

[Event "Live Chess"]
[Site "Chess.com"]
[Date "2023.05.21"]
[Round "-"]
[White "Alfiedog12"]
[Black "OleksiyJr1"]
[Result "0-1"]
[WhiteElo "870"]
[BlackElo "1040"]
[TimeControl "300"]
[EndTime "7:18:58 PDT"]
[Termination "OleksiyJr1 won by resignation"]

1. d4 Nf6 2. Nf3 c6 3. Bf4 d5 4. e3 e6 5. Bd3 Nbd7 6. Nbd2 Nb6 7. c3 Bd6 8. Bxd6 Qxd6 9. O-O c5 10. dxc5 Qxc5 11.
Nb3 Qd6 12. Re1 O-O 13. a3 e5 14. e4 dxe4 15. Bxe4 Qxd1 16. Raxd1 Nc4 17. Rb1 Nxe4 18. Rxe4 b5 19. Ree1 f5 20. Nxe5 Nxe5 21. Rxe5 Bb7 22.
Rbe1 a5 23. Nc5 Bc6 24. Re6 Rac8 25. Re7 Bxg2 26. Kxg2 Rxc5 27. R1e5 Rxe5 28. Rxe5 Rb8 29.
Rxf5 b4 30. Rxa5 bxa3 31. Rxa3 Rxb2 32. c4 Rc2 33. Ra4 Kf7 34. Kf3 Ke6 35. Ke4 Rxf2 36. c5 Rxh2 37. c6 Rh4+ 38. Kd3 Rxa4 39. c7 Ra8 40.
Kc4 Rc8 0-1

[Event "Live Chess"]
[Site "Chess.com"]
[Date "2023.05.21"]
[Round "-"]
[White "Conradical12"]
[Black "JoeRoot66"]
[Result "0-1"]
[WhiteElo "1554"]
[BlackElo "1903"]
[TimeControl "300"]
[EndTime "7:18:59 PDT"]
[Termination "JoeRoot66 won by resignation"]

1. e4 c6 2. d4 d5 3. exd5 cxd5 4. Nf3 Nc6 5. c4 Nf6 6. Nc3 g6 7. Bf4 Bg7 8. Qd2 O-O 9. O-O-O Bg4 10. Be2 Ne4 11. Nxe4 dxe4 12. Ne5 Nxe5 13. Bxe5 Bxe2 14. Qxe2 Bxe5 15. dxe5 Qa5 16. Qxe4 Qxa2 17. Qxb7 Rfc8 18. Qe4 Rxc4+ 19. Qxc4 Qxc4+ 0-1

[Event "Live Chess"]
[Site "Chess.com"]
[Date "2023.05.21"]
[Round "-"]
[White "Trendle"]
[Black "garyjc"]
[Result "1-0"]
[WhiteElo "2659"]
[BlackElo "1035"]
[TimeControl "300"]
[EndTime "7:19:08 PDT"]
[Termination "Trendle won by resignation"]

1. Nf3 Nf6 2. c4 g6 3. g3 Bg7 4.
Bg2 O-O 5. O-O d6 6. Nc3 Nbd7 7. d4 Re8 8. e4 e5 9. h3 a5 10. Re1 c6 11. Rb1 Nb6 12. b3 Rf8 13. Be3 Nfd7 14. dxe5 dxe5 15. c5 f5 16. cxb6 fxe4 17. Nxe4 Nf6 18.
Nfg5 Nxe4 19. Bxe4 h6 20. Nf3 Bxh3 21. Qc2 Qf6 22.
Nh4 g5 23. Bh7+ Kf7 24. Ng6 Qf3 25. Nxe5+ Bxe5 26. Qg6+ Ke7 27. Bc5+ Kd7 28. Rbd1+ Kc8 29. Qe4 Qxf2+ 30. Bxf2 1-0

[Event "Live Chess"]
[Site "Chess.com"]
[Date "2023.05.21"]
[Round "-"]
[White "ChessClubLive"]
[Black "ameetghasi100"]
[Result "0-1"]
[WhiteElo "1660"]
[BlackElo "2586"]
[TimeControl "300"]
[EndTime "7:19:10 PDT"]
[Termination "ameetghasi100 won on time"]

1. e4 c5 2. Nf3 Nc6 3. d4 cxd4 4. c3 dxc3 5. Nxc3 e6 6. Bc4 Nf6 7. Qe2 a6 8. O-O Qc7 9. Be3 Ng4 10. Rac1 h5 11. h3 Nce5 12. Bf4 Qxc4 13. hxg4 Qxe2 14. Nxe2 Nxg4 15. Rfd1 f6 16. Bd6 Bxd6 17. Rxd6 Ke7 18. Rb6 Rd8 19. Nh4 g5 20. Nf3 d5 21. exd5 Rxd5 22.
Rc7+ Rd7 23. Rc1 Rd6 24. Rc7+ Bd7 25. Rxd6 Kxd6 26. Rxb7 Rc8 27. Rb6+ Ke7 28. Nfd4 e5 29. Nb3 Rc2 30. Ng3 Rxb2 31. Rxa6 Rb1+ 32. Nf1 Bb5 33. Ra7+ Kf8 34. Nd2 Rd1 0-1

[Event "Live Chess"]
[Site "Chess.com"]
[Date "2023.05.21"]
[Round "-"]
[White "ProfPoisson"]
[Black "whatnot126"]
[Result "0-1"]
[WhiteElo "1218"]
[BlackElo "2069"]
[TimeControl "300"]
[EndTime "7:19:36 PDT"]
[Termination "whatnot126 won by resignation"]

1. e4 d6 2. d4 Nf6 3. Nc3 g6 4. Be3 Bg7 5. h3 O-O 6. f4 c5 7.
Nf3 Qa5 8. Bd2 Nc6 9. Nd5 Qd8 10. Nxf6+ Bxf6 11. f5 Nxd4 12. Nxd4 Bxd4 13. fxg6 fxg6 14. Bc4+ e6 15. Bh6 Qh4+ 16. g3 Qxh6 17. Qg4 Qe3+ 18. Be2 Bxb2 19. Rd1 Bc3+ 0-1

[Event "Live Chess"]
[Site "Chess.com"]
[Date "2023.05.21"]
[Round "-"]
[White "onemoretime1975"]
[Black "wadsy27"]
[Result "0-1"]
[WhiteElo "1841"]
[BlackElo "2545"]
[TimeControl "300"]
[EndTime "7:19:38 PDT"]
[Termination "wadsy27 won on time"]

1. e4 c5 2. Nf3 e6 3. g3 Nc6 4. Bg2 Nf6 5. d3 Be7 6. c3 d5 7. exd5 exd5 8. d4 O-O 9. O-O Bg4 10. dxc5 Bxc5 11. Bg5 Bb6 12. Nbd2 h6 13. Bxf6 Qxf6 14. Qb3 Rad8 15. h3 Bh5 16. Rae1 Bg6 17. Rd1 d4 18. Nc4 dxc3 19. bxc3 Na5 20. Nxa5 Bxa5 21. Nd4 Bb6 22. Bxb7 Rfe8 23. Bg2 h5 24. h4 Bxd4 25. cxd4 Rxd4 26. Rxd4 Qxd4 27. Rd1 Qc5 28. Qd5 Qxd5 29. Bxd5 Bf5 30. Bb3 Bg4 31. Rc1 Bf3 32. Rf1 g6 33.
Bd1 Bd5 34. Bb3 Bf3 35. Bd1 Ba8 36. Bb3 Re2 37. Rc1 Bf3 38. Kf1 Rd2 39. Re1 Rd7 40. Re8+ Kg7 41. Re1 Rc7 42. Rb1 a5 43. Re1 Ra7 44.
Rc1 a4 45. Bc4 Rc7 46. Rc2 Be4 0-1

[Event "Live Chess"]
[Site "Chess.com"]
[Date "2023.05.21"]
[Round "-"]
[White "Singapourfeuj"]
[Black "SupremeTactician"]
[Result "0-1"]
[WhiteElo "2199"]
[BlackElo "2217"]
[TimeControl "300"]
[EndTime "7:19:44 PDT"]
[Termination "SupremeTactician won by checkmate"]

1. d4 Nf6 2. Nf3 e6 3. c4 d5 4. Nc3 b6 5. cxd5 exd5 6. Bg5 c6 7. e3 Be7 8. Qc2 O-O 9. Bd3 h6 10. Bh4 Be6 11. O-O Nbd7 12. Rae1 Rc8 13. h3 c5 14. Ne5 cxd4 15. exd4 Nxe5 16. dxe5 Nd7 17. Bg3 Nc5 18. f4 d4 19. Ne2 Nxd3 20. Qxd3 Bc4 21. Qd2 a5 22. f5 Bb4 23. Qf4 Bxe1 24. Rxe1 Bxe2 25. Rxe2 d3 26. Rd2 Rc2 27. f6 Rxd2 28. Qxd2 Qd4+ 29.
Kh2 Rc8 30. fxg7 Kxg7 31. Bf4 Qe4 32. Bxh6+ Kh7 33. Bg5 Rc2 34. Qd1 Qxg2# 0-1

[Event "Live Chess"]
[Site "Chess.com"]
[Date "2023.05.21"]
[Round "-"]
[White "NotHarryV"]
[Black "raminguy"]
[Result "0-1"]
[WhiteElo "1515"]
[BlackElo "1959"]
[TimeControl "300"]
[EndTime "7:19:46 PDT"]
[Termination "raminguy won on time"]

1. d4 d5 2. c4 e6 3. Nf3 a6 4. a4 Nc6 5. g3 dxc4 6. Bg2 Na5 7.
O-O Nf6 8. Bg5 Be7 9. Qc2 O-O 10. e4 c6 11. Bxf6 Bxf6 12. e5 Be7 13. h4 Rb8 14. Nc3 b5 15. axb5 axb5 16. Ng5 Bxg5 17. hxg5 Nb3 18.
Rad1 Bb7 19. Ne2 Qxg5 20. f4 Qe7 21. f5 exf5 22. Qxf5 c5 23. Bxb7 Rxb7 24. d5 Rb6 25. d6 Qd8 26. e6 fxe6 27. Qxe6+ Kh8 28. Rxf8+ Qxf8 29. Qe7 Rb8 30. Qxf8+ Rxf8 31. d7 Rd8 32. Nf4 Kg8 33. Ne6 Rxd7 34. Rxd7 b4 35. Rxg7+ Kh8 36. Rg4 Nd2 37. Nxc5 c3 38. bxc3 bxc3 39. Nd3 c2 40. Ra4 Nb3 41. Ra3 c1=Q+ 42. Nxc1 Nxc1 43. Kf2 Kg7 44.
Rc3 Na2 45. Rf3 Nb4 46. Kg2 Nc2 47. Kh3 Ne1 48. Re3 Nc2 49. Re5 Nd4 50. Rg5+ Kh6 51. Kg4 Ne6 52. Rh5+ Kg6 53. Ra5 Nd4 54. Ra6+ Kg7 55.
Kg5 Nf3+ 56. Kf4 Nd2 57. g4 Nc4 58. Kg5 Ne5 59. Ra7+ Kg8 0-1

[Event "Live Chess"]
[Site "Chess.com"]
[Date "2023.05.21"]
[Round "-"]
[White "Biranidun"]
[Black "JoRoSaR"]
[Result "1-0"]
[WhiteElo "2518"]
[BlackElo "1674"]
[TimeControl "300"]
[EndTime "7:20:10 PDT"]
[Termination "Biranidun won by resignation"]

1. e4 c5 2. Nf3 Nc6 3. d4 cxd4 4. Nxd4 e5 5. Nb5 d6 6. N1c3 a6 7. Na3 b5 8. Nd5 Nce7 9. c4 Nxd5 10. exd5 b4 11.
Qa4+ Bd7 12. Qxb4 Rb8 13. Qc3 f5 14. Be2 Nf6 15. O-O Be7 16. Nc2 O-O 17. b4 Ne4 18. Qe1 Qc7 19. f3 Nf6 20. Qd1 e4 21. f4 Rfc8 22.
Be3 Ne8 23. a3 Bf6 24. Nd4 Qd8 25. Rc1 Nc7 26. c5 Nxd5 27. Bc4 Be6 28. Nxe6 Nxe3 29. Nxd8+ 1-0

[Event "Live Chess"]
[Site "Chess.com"]
[Date "2023.05.21"]
[Round "-"]
[White "Delacorta"]
[Black "PaulyD81"]
[Result "1-0"]
[WhiteElo "1377"]
[BlackElo "1190"]
[TimeControl "300"]
[EndTime "7:20:11 PDT"]
[Termination "Delacorta won on time"]

1. d4 Nf6 2. Nf3 e6 3. e3 Bb4+ 4. Nbd2 d5 5. Bd3 Nc6 6. O-O O-O 7. b3 b6 8. Bb2 Bb7 9. Ne5 Re8 10. f4 a5 11. g4 g6 12. Ndf3 h5 13. gxh5 Nxh5 14.
Ng5 f6 15. Nxc6 Bxc6 16. Bxg6 fxg5 17. Qxh5 Qf6 18. fxg5 Qg7 19. Bxe8 Bxe8 20. Qh6 Qxh6 21. gxh6 Kh7 22. Rf8 Rd8 23. Raf1 Bxf8 24. Rxf8 1-0

[Event "Live Chess"]
[Site "Chess.com"]
[Date "2023.05.21"]
[Round "-"]
[White "ms_lilley"]
[Black "manthanit"]
[Result "0-1"]
[WhiteElo "603"]
[BlackElo "1097"]
[TimeControl "300"]
[EndTime "7:20:21 PDT"]
[Termination "manthanit won - game abandoned"]

1. d4 e6 2. d5 exd5 3. Qxd5 Nf6 4.
Qd1 h6 5. Nc3 Nc6 6. a3 Bc5 7. e4 d6 8. Bd3 Ng4 9. h3 Nxf2 10. Qh5 Nxh1 11. Bc4 O-O 12. Bxh6 gxh6 13. Qxh6 Ne5 14. Kd2 Ng3 15. Nf3 Nxf3+ 0-1

[Event "Live Chess"]
[Site "Chess.com"]
[Date "2023.05.21"]
[Round "-"]
[White "robotking06"]
[Black "RichardABates"]
[Result "0-1"]
[WhiteElo "308"]
[BlackElo "2144"]
[TimeControl "300"]
[EndTime "7:20:26 PDT"]
[Termination "RichardABates won by resignation"]

1. d4 Nf6 2. Nf3 g6 3. Qd3 d5 4.
Qb5+ c6 5. Qa4 Bg7 6. Ne5 O-O 7. e3 a5 8. Nc3 b5 9. Qb3 a4 10. Qb4 Na6 11. Nxc6 Nxb4 12. Nxd8 Nxc2+ 13. Kd1 Nxa1 14. Nxf7 Rxf7 15. Bd2 b4 0-1

[Event "Live Chess"]
[Site "Chess.com"]
[Date "2023.05.21"]
[Round "-"]
[White "nigelst"]
[Black "lord_cll"]
[Result "1-0"]
[WhiteElo "1702"]
[BlackElo "1208"]
[TimeControl "300"]
[EndTime "7:20:29 PDT"]
[Termination "nigelst won on time"]

1. e4 d5 2. exd5 Qxd5 3. Nc3 Qa5 4. d4 Nf6 5. Nf3 Bf5 6. Bc4 e6 7. O-O c6 8. Bb3 Nbd7 9. Bd2 Qc7 10.
Qc1 Bd6 11. Bg5 h6 12. Bh4 g5 13. Bg3 Bxg3 14. hxg3 O-O-O 15. a4 Nb6 16. a5 Nbd5 17. Ne5 h5 18. Qxg5 Rhg8 19. Qd2 Ne4 20. Nxe4 Bxe4 21. Qe2 Bf5 22. c4 Nb4 23. Qd2 Na6 24.
Rfd1 c5 25. Qe3 cxd4 26. Rxd4 Nc5 27. Rxd8+ Rxd8 28. f4 Nxb3 29. Qxb3 Qc5+ 30. Kh2 Qe7 31. a6 h4 32. Qxb7+ Qxb7 33. axb7+ Kxb7 34. Nxf7 hxg3+ 35. Kxg3 Rg8+ 36. Kf2 Rg7 37. Nd6+ Kc6 38. Nxf5 exf5 39. Ra6+ Kc5 40. Rf6 1-0

[Event "Live Chess"]
[Site "Chess.com"]
[Date "2023.05.21"]
[Round "-"]
[White "TheSmoulderingMaster"]
[Black "Ferrarifan27"]
[Result "0-1"]
[WhiteElo "1656"]
[BlackElo "2056"]
[TimeControl "300"]
[EndTime "7:20:38 PDT"]
[Termination "Ferrarifan27 won by resignation"]

1. e4 e5 2. Nf3 Nc6 3. Bb5 a6 4. Ba4 Nf6 5. O-O Be7 6. d4 Nxd4 7. Nxd4 exd4 8. e5 Nd5 9. Qg4 g6 10. Bh6 Nb6 11. Bb3 d6 12. Qf3 Be6 13. Bxe6 fxe6 14. exd6 Bxd6 15. Qxb7 Qh4 16. Qc6+ Ke7 17. g3 Qxh6 18.
Na3 Rhf8 19. Qe4 Qg7 20. Rae1 Qf6 21. Nb1 Rad8 22. Nd2 Bb4 23. c3 dxc3 24. bxc3 Bxc3 0-1

[Event "Live Chess"]
[Site "Chess.com"]
[Date "2023.05.21"]
[Round "-"]
[White "KeithArkell"]
[Black "LiamClery2020"]
[Result "1-0"]
[WhiteElo "2477"]
[BlackElo "1973"]
[TimeControl "300"]
[EndTime "7:20:38 PDT"]
[Termination "KeithArkell won by checkmate"]

1. d4 Nf6 2. Nf3 e6 3. c4 d5 4. cxd5 exd5 5. Nc3 c6 6. Qc2 Bd6 7. Bg5 O-O 8. e3 Nbd7 9. Bd3 h6 10. Bh4 Re8 11. O-O Qc7 12. Rac1 a6 13. Bg3 Bxg3 14. hxg3 Qd6 15. a3 Nf8 16. Na4 Ne4 17. Nb6 Rb8 18.
Nxc8 Rbxc8 19. Bxe4 Rxe4 20. b4 Ng6 21. Qc5 Qe7 22.
Qxe7 Nxe7 23. a4 f6 24. b5 axb5 25. axb5 cxb5 26. Rb1 Re6 27. Rxb5 Rc7 28. Rfb1 Nc8 29. Rxb7 Rxb7 30. Rxb7 Nd6 31. Rb6 Kf7 32. Ne1 Ne4 33. Rb7+ Kg6 34. Nd3 Kh7 35. Nf4 Rd6 36. Nh5 Kg6 37.
g4 Kg5 38. Rxg7+ Kh4 39. Kh2 Nxf2 40. g3# 1-0

[Event "Live Chess"]
[Site "Chess.com"]
[Date "2023.05.21"]
[Round "-"]
[White "domrobson"]
[Black "DoYouLikeCurry"]
[Result "1/2-1/2"]
[WhiteElo "1750"]
[BlackElo "1464"]
[TimeControl "300"]
[EndTime "7:20:50 PDT"]
[Termination "Game drawn by repetition"]

1. d4 d5 2. c4 e6 3. Nf3 Nf6 4. Nc3 Bb4 5. Bg5 Nbd7 6. e3 h6 7. Bxf6 Nxf6 8. Bd3 O-O 9. O-O c6 10. Rc1 b6 11. Re1 Ba6 12. b3 Bd6 13. e4 Bc7 14. e5 Nd7 15. Ne2 c5 16. Bb1 cxd4 17.
Qxd4 Qb8 18. cxd5 Bxe5 19. Nxe5 Qxe5 20. Qxe5 Nxe5 21. dxe6 fxe6 22. Nd4 Nd3 23. Bxd3 Bxd3 24. Nxe6 Rfe8 25. Red1 Rxe6 26. Rxd3 Rae8 27. Kf1 Re2 28.
a4 Rb2 29. g3 Ree2 30. Rf3 Kh7 31. h4 Kg6 32. Rc7 Red2 33. Rxa7 Rb1+ 34. Kg2 Rdd1 35. Rff7 Rg1+ 36. Kf3 Rxb3+ 37. Ke2 Rb2+ 38. Kd3 Rd1+ 39. Kc3 Rbd2 40. Rxg7+ Kh5 41. Rgf7 Rd3+ 42. Kc4 Rd4+ 43. Kb5 Rb1+ 44. Kc6 Rc1+ 45. Kxb6 Rb4+ 46. Ka5 Rcc4 47.
f3 Rxa4+ 48. Kb5 Rab4+ 49. Ka5 Ra4+ 50. Kb5 Rab4+ 51. Ka5 Ra4+ 1/2-1/2

[Event "Live Chess"]
[Site "Chess.com"]
[Date "2023.05.21"]
[Round "-"]
[White "jimwad"]
[Black "lateforthesky"]
[Result "0-1"]
[WhiteElo "1222"]
[BlackElo "2098"]
[TimeControl "300"]
[EndTime "7:20:54 PDT"]
[Termination "lateforthesky won by resignation"]

1. c4 e5 2. g3 Nc6 3. Bg2 d6 4. Nc3 g6 5. e3 Bg7 6. Nge2 h5 7. h4 Nh6 8. O-O O-O 9. d4 exd4 10. exd4 Nf5 11. Be3 Re8 12. Qd2 Nxe3 13. fxe3 Bg4 14. Bxc6 bxc6 15. Nf4 Qe7 16. Rae1 Rab8 17. b3 Bh6 18.
Nce2 a5 19. Nc3 Qd7 20. Qf2 Re7 21. d5 c5 22. e4 Rbe8 23. Qc2 Bg7 24. Re3 Bxc3 25.
Qxc3 Rxe4 26. Rxe4 Rxe4 27. Re1 Qe7 28. Rxe4 Qxe4 29.
Kf2 Bf5 30. Qe3 Qxe3+ 31. Kxe3 Bb1 32. a3 Ba2 33. b4 axb4 34. axb4 cxb4 35. Kd3 Bb1+ 36.
Kd2 Kg7 37. Ne2 Kf6 38. Nd4 Ke5 39. Nb5 Ba2 40. Nxc7 Bxc4 41. Kc2 Bxd5 42. Nb5 Be6 43. Nc7 Ke4 44. Ne8 d5 45. Nf6+ Kf3 0-1

[Event "Live Chess"]
[Site "Chess.com"]
[Date "2023.05.21"]
[Round "-"]
[White "HadesLearmonth"]
[Black "mattihelenius2"]
[Result "1-0"]
[WhiteElo "1210"]
[BlackElo "495"]
[TimeControl "300"]
[EndTime "7:20:54 PDT"]
[Termination "HadesLearmonth won by resignation"]

1. e4 e6 2. d4 d5 3. e5 Nc6 4.
Nf3 Qe7 5. Bb5 Bd7 6. O-O f6 7. Nc3 fxe5 8. Nxe5 Nxe5 9. dxe5 Bxb5 10. Nxb5 c6 11.
Nc3 g6 12. Qg4 Nh6 13. Qh3 Qc5 14. Bxh6 Qe7 15. Bxf8 Qxf8 16. Qxe6+ Qe7 17. Qg4 Qxe5 18. Rae1 h5 19. Rxe5+ Kf7 1-0

[Event "Live Chess"]
[Site "Chess.com"]
[Date "2023.05.21"]
[Round "-"]
[White "Ocelot32"]
[Black "stevochess11"]
[Result "1-0"]
[WhiteElo "1418"]
[BlackElo "1661"]
[TimeControl "300"]
[EndTime "7:20:55 PDT"]
[Termination "Ocelot32 won by checkmate"]

1. e4 c5 2. Nf3 g6 3. c3 Bg7 4. d4 cxd4 5. cxd4 Nc6 6. e5 d6 7. Bf4 dxe5 8. dxe5 Qxd1+ 9. Kxd1 Bg4 10. Be2 O-O-O+ 11.
Kc2 Bxf3 12. Bxf3 Nxe5 13. Nc3 Nxf3 14. gxf3 Bxc3 15. Kxc3 f6 16. Rac1 e5 17. Kb3+ Kb8 18. Be3 Ne7 19. Rc2 Nd5 20. Rhc1 f5 21. Rc5 Nxe3 22.
fxe3 Rd3+ 23. Kb4 Rxe3 24. Rc7 Rxf3 25. Re7 Rf4+ 26. Kb3 e4 27. Rcc7 Rf3+ 28. Kc4 Rf2 29. Rxb7+ Kc8 30. Rec7+ Kd8 31. Rd7+ Kc8 32. Rxa7 Rc2+ 33.
Kb3 Rc6 34. Re7 Rb6+ 35. Kc2 Rc6+ 36. Kb1 Kb8 37. Reb7+ Kc8 38. Rd7 Kb8 39. Rab7+ Ka8 40. Ra7+ Kb8 41. Rab7+ Kc8 42. Re7 Rd8 43. a3 Rd1+ 44.
Ka2 Rd2 45. Rxh7 e3 46. Rbe7 e2 47. Re8+ Rd8 48. Rxe2 f4 49. Rf2 g5 50. h4 g4 51.
Rxf4 g3 52. Rg4 Rd3 53. Rg8+ Rd8 54. Rxg3 Rb6 55. Rc3+ Kb8 56. Rb3 Rxb3 57. Kxb3 Rd3+ 58. Ka2 Rh3 59. a4 Kc8 60. b3 Kd8 61. Ka3 Ke8 62. a5 Kf8 63. Ka4 Kg8 64. Rb7 Rxh4+ 65. b4 Kf8 66. a6 Ke8 67. Ka5 Kd8 68. b5 Kc8 69. Rg7 Rh1 70. Kb6 Rh6+ 71. Ka5 Rh1 72. Rg4 Ra1+ 73.
Ra4 Rb1 74. Rb4 Kb8 75. b6 Ra1+ 76. Kb5 Ka8 77. Rc4 Rb1+ 78. Kc6 Rd1 79. b7+ Ka7 80. Rb4 Rc1+ 81. Kd7 Rd1+ 82. Kc6 Rc1+ 83. Kd5 Rd1+ 84. Kc4 Rc1+ 85. Kd3 Rd1+ 86. Kc2 Rd8 87. Ra4 Rd6 88. Kc3 Rc6+ 89. Kd4 Rh6 90. Kc5 Rh5+ 91. Kc6 Rh6+ 92. Kb5 Rh5+ 93. Kc6 Rh6+ 94. Kd7 Rh7+ 95. Ke6 Rh6+ 96. Kf7 Rh7+ 97. Kg8 Rc7 98. Rb4 Kb8 99. Rf4 Ka7 100. Rf8 Kxa6 101. b8=Q Rc1 102. Rf2 Rg1+ 103. Kh7 Rh1+ 104. Kg6 Rg1+ 105. Kh5 Rh1+ 106. Kg4 Rg1+ 107. Kh3 Rh1+ 108. Kg2 Ra1 109. Rb2 Ra5 110. Qb6# 1-0

[Event "Live Chess"]
[Site "Chess.com"]
[Date "2023.05.21"]
[Round "-"]
[White "gmnorfolk"]
[Black "BearFromUkraine"]
[Result "1-0"]
[WhiteElo "2129"]
[BlackElo "1073"]
[TimeControl "300"]
[EndTime "7:20:57 PDT"]
[Termination "gmnorfolk won by resignation"]

1. d4 d5 2. c4 e6 3. Nc3 Nf6 4. cxd5 exd5 5. Bg5 Be7 6. e3 O-O 7. Bd3 h6 8. Bh4 Nc6 9. Nf3 Bg4 10. h3 Bh5 11. g4 Bg6 12. Bxg6 fxg6 13. g5 Ne4 14. Nxe4 dxe4 15. Nd2 Bxg5 16. Bxg5 Qxg5 17. Qg4 Qxg4 18. hxg4 Rae8 19. Rc1 Re7 20. Ke2 Nd8 21. a3 Nf7 22. Rc5 Ng5 23. Rhc1 Ref7 24. Rf1 Nh3 25. Nxe4 c6 26. Re5 Kh7 27. f4 g5 28. f5 g6 29. f6 h5 30. Re7 hxg4 31. Nd6 Rxe7 32. fxe7 Rh8 33. Rf8 Kg7 34. Rxh8 Kxh8 1-0

[Event "Live Chess"]
[Site "Chess.com"]
[Date "2023.05.21"]
[Round "-"]
[White "Cimon"]
[Black "AbilifyXL"]
[Result "0-1"]
[WhiteElo "1839"]
[BlackElo "1975"]
[TimeControl "300"]
[EndTime "7:21:26 PDT"]
[Termination "AbilifyXL won by resignation"]

1. d4 d5 2. c4 c6 3. Nf3 Nf6 4. Nc3 a6 5. cxd5 cxd5 6. Bf4 Nc6 7. e3 Bg4 8. h3 Bf5 9. Bd3 Bxd3 10. Qxd3 e6 11.
a3 Bd6 12. Ne5 Bxe5 13. dxe5 Nd7 14. e4 Ndxe5 15. Qg3 Ng6 16. Bg5 Qb6 17. exd5 Nce7 18. O-O O-O 19. d6 Nf5 20. Qd3 Nxd6 21. b4 Nf5 22. Rad1 h6 23. Bc1 Rad8 24. Qc4 Rc8 25. Qb3 Qc6 26. Ne2 Ngh4 27. f3 Rfd8 28. Bf4 g5 29.
Bh2 Qb6+ 30. Kh1 Ne3 31. Rxd8+ Rxd8 32. Bg1 Nhxg2 33. Ng3 Qb5 34. Rc1 Qe5 35. Ne4 Qf4 36.
Bxe3 Nxe3 37. Qb2 Qxf3+ 38. Kg1 Qxe4 0-1

[Event "Live Chess"]
[Site "Chess.com"]
[Date "2023.05.21"]
[Round "-"]
[White "Tiltador"]
[Black "davigator"]
[Result "0-1"]
[WhiteElo "837"]
[BlackElo "2288"]
[TimeControl "300"]
[EndTime "7:21:33 PDT"]
[Termination "davigator won by checkmate"]

1. e4 c5 2. Nf3 Nc6 3. Bb5 g6 4.
Bxc6 bxc6 5. O-O Bg7 6. d3 Nh6 7. c3 O-O 8. Na3 d6 9. Nc4 f5 10. exf5 Nxf5 11. Be3 e5 12. d4 e4 13. Nfd2 d5 14. Ne5 Bxe5 15. dxe5 Qe7 16. f4 Nxe3 17. Qe2 Nxf1 18. Rxf1 Be6 19. b4 cxb4 20. cxb4 Qxb4 21. Rd1 Rxf4 22. Nb3 Raf8 23. Qa6 Qb6+ 24. Qxb6 axb6 25. a4 c5 26. a5 d4 27. axb6 Bxb3 28. Rb1 Bc2 29.
Rc1 d3 30. b7 d2 31. Ra1 d1=Q+ 32. Rxd1 Bxd1 33. h3 e3 34. Kh2 e2 35. g3 Rf2+ 36.
Kg1 Rf1+ 37. Kg2 R8f2# 0-1

[Event "Live Chess"]
[Site "Chess.com"]
[Date "2023.05.21"]
[Round "-"]
[White "elizaveta_frundina"]
[Black "Daniel_Gliddon_FA"]
[Result "1-0"]
[WhiteElo "1580"]
[BlackElo "1197"]
[TimeControl "300"]
[EndTime "7:21:36 PDT"]
[Termination "elizaveta_frundina won by resignation"]

1. e4 d6 2. d4 Nf6 3. e5 dxe5 4. Nf3 e4 5. Ne5 Nbd7 6. Nxd7 Bxd7 7. Bc4 Bc6 8. O-O e6 9. Bg5 Bd6 10. Nc3 Qe7 11. d5 exd5 12. Nxd5 Qe5 13. Bf4 Qh5 14. Nxf6+ 1-0

[Event "Live Chess"]
[Site "Chess.com"]
[Date "2023.05.21"]
[Round "-"]
[White "Dhaydon19"]
[Black "Leonid_Starozhilov"]
[Result "0-1"]
[WhiteElo "2691"]
[BlackElo "2635"]
[TimeControl "300"]
[EndTime "7:21:38 PDT"]
[Termination "Leonid_Starozhilov won by checkmate"]

1. d4 Nf6 2. Nf3 g6 3. g3 Bg7 4.
Bg2 O-O 5. O-O d6 6. c4 c6 7. Nc3 Bf5 8. Re1 Ne4 9. Nh4 Nxc3 10. bxc3 Be6 11. Qb3 b5 12. d5 bxc4 13. Qxc4 Bxd5 14. Bxd5 cxd5 15. Qxd5 Nd7 16. Bd2 Nb6 17. Qd3 Rc8 18.
Rab1 Qc7 19. Rec1 e6 20. Nf3 Nc4 21. Bf4 Qa5 22. Bxd6 Rfd8 23. Bb4 Rxd3 24. Bxa5 Rxf3 25. exf3 Nxa5 26. c4 Rxc4 27. Rxc4 Nxc4 28. Rb4 Nb6 29. Rb5 Bd4 30. Kf1 Nd5 31. Rb7 Bb6 32. a4 a5 33.
f4 Bc5 34. Rb8+ Kg7 35. Rc8 Bb4 36. Rc1 h5 37. Kg2 Kf6 38. Kf3 Ke7 39. Ke4 Nc3+ 40. Kd4 Nxa4 41. Rc7+ Kf6 42. h3 Nb6 43. g4 hxg4 44.
hxg4 Nd5 45. g5+ Kg7 46. Rd7 Bd2 47. Ra7 Nxf4 48. Ke4 Nd5 49. f3 Bb4 50. Ke5 Bd2 51.
Ke4 Nb6 52. Ra6 Nd7 53. Rd6 Nc5+ 54. Kd4 Bb4 55. Kc4 Ne4 56. Rd3 Nxg5 57. Kd4 Nh7 58. Ke4 Nf6+ 59. Ke5 Nd5 60. Ke4 a4 61. Rd4 a3 62.
Rd1 Nc3+ 63. Kd3 Nxd1 64. Ke2 a2 65. Kxd1 a1=Q+ 66. Ke2 Qc3 67. f4 Kf6 68. f5 Kxf5 69.
Kf1 g5 70. Kg2 e5 71. Kh2 g4 72. Kh1 e4 73. Kg2 Kg5 74. Kh2 Bf8 75. Kh1 f5 76. Kg2 f4 77. Kh2 Qc2+ 78. Kh1 g3 79. Kg1 f3 80.
Kh1 e3 81. Kg1 e2 82. Kh1 Qh7+ 83. Kg1 Bc5# 0-1

[Event "Live Chess"]
[Site "Chess.com"]
[Date "2023.05.21"]
[Round "-"]
[White "grillage"]
[Black "Hacker_2009"]
[Result "0-1"]
[WhiteElo "1779"]
[BlackElo "1952"]
[TimeControl "300"]
[EndTime "7:21:51 PDT"]
[Termination "Hacker_2009 won by resignation"]

1. d4 Nf6 2. Nc3 d5 3. Bf4 a6 4. e3 e6 5. Nf3 c5 6. dxc5 Bxc5 7. Bd3 O-O 8. O-O b5 9. Re1 Bb7 10. a4 b4 11. Nb1 a5 12. c3 Nc6 13. Nbd2 bxc3 14. bxc3 Bd6 15. Bg5 Be7 16. e4 dxe4 17.
Nxe4 Nxe4 18. Bxe7 Nxe7 19. Bxe4 Bxe4 20. Rxe4 Qc7 21.
Rc1 Rfd8 22. Rd4 Nf5 23. Rd3 h6 24. Nd4 Nxd4 25. cxd4 Qd7 26. Rc5 Rdb8 27. Rc4 Rb4 28. Rdc3 Rab8 29. g3 Rb1 30. Rc1 R1b4 31. d5 exd5 32.
Rd4 Rxd4 33. Qxd4 Rb4 34. Qd1 d4 35. Rc5 Qb7 36. h4 Rb1 37. Rc1 Rxc1 38. Qxc1 Qd7 39. Qd2 Qxa4 40. Qf4 Qb4 41. Qe5 d3 42. Qe8+ Kh7 43.
Qd7 d2 44. Qf5+ Kg8 45. Qc8+ Qf8 46. Qd7 Qa8 47. Qxd2 a4 48. Qa2 a3 49. Kh2 Qa4 50.
Qd5 a2 51. Qd8+ Kh7 52. Qc8 a1=Q 53. Qf5+ g6 54. Qxf7+ Qg7 0-1

[Event "Live Chess"]
[Site "Chess.com"]
[Date "2023.05.21"]
[Round "-"]
[White "LL220284LL"]
[Black "viktorskliarov"]
[Result "0-1"]
[WhiteElo "2249"]
[BlackElo "2645"]
[TimeControl "300"]
[EndTime "7:21:53 PDT"]
[Termination "viktorskliarov won by resignation"]

1. d4 Nf6 2. Bf4 g6 3. e3 Bg7 4. Nf3 O-O 5. h4 d6 6. Nbd2 c5 7. c3 Nc6 8. Be2 Bg4 9. Nh2 Bxe2 10. Qxe2 Qb6 11. Ndf3 Rfe8 12. dxc5 Qxc5 13. g4 e5 14.
Bg5 Ne4 15. h5 h6 16. Bxh6 Bxh6 17. hxg6 fxg6 18. g5 Bg7 19. Ng4 Nxc3 20. Qc2 e4 21.
Nh4 Qxg5 22. bxc3 Qxg4 23. Qb3+ Qe6 24. Qc2 d5 25. O-O-O Ne5 26. Rdg1 Rac8 0-1

[Event "Live Chess"]
[Site "Chess.com"]
[Date "2023.05.21"]
[Round "-"]
[White "Long1968"]
[Black "Tushinskiy"]
[Result "0-1"]
[WhiteElo "956"]
[BlackElo "2203"]
[TimeControl "300"]
[EndTime "7:21:54 PDT"]
[Termination "Tushinskiy won on time"]

1. e4 e5 2. f4 d6 3. Nf3 Bg4 4. Bc4 Nd7 5. O-O Ngf6 6. Nc3 Be7 7. h3 Bxf3 8. Qxf3 O-O 9. d3 c6 10. g4 exf4 11. Qxf4 Ne5 12. Bb3 b5 13. d4 Ng6 14. Qf5 a5 15. g5 Nh5 16. Bxf7+ Kh8 17. Qf3 Bxg5 18. Qxh5 Bxc1 19. Bxg6 Rxf1+ 20. Kxf1 Qf6+ 0-1